Inferno vs Senators
Created - February 10, 2020 at 23:36
Goals
|
| Inferno |
1 |
3 |
0 |
4 |
| Senators |
1 |
0 |
1 |
2 |
|
Shots
|
| Inferno |
10 |
19 |
5 |
34 |
| Senators |
6 |
20 |
10 |
36 |
|
1st period
1. Senators , Zemgus Girgensons 9 (Matt Frattin 35, Nick Foligno 31) at 4:36
2. Inferno , Colby Robak 2 (Tanner Pearson 33, David Savard 20) at 8:54 (PP)
Penalties :
David Savard (Anc) for Interference (Minor) at 0:11, Zemgus Girgensons (BIN) for Holding (Minor) at 8:40, Scott Harrington (BIN) for Close Hand On Puck (Minor) at 9:53
2nd period
3. Inferno , David Savard 5 (Matt Kassian 10, Matthew Nieto 15) at 3:46 (PP)
4. Inferno , Matthew Nieto 17 (Colby Robak 26, Oliver Bjorkstrand 6) at 5:43 (PP)
5. Inferno , Victor Rask 8 (Oliver Bjorkstrand 7) at 17:57
Penalties :
Dylan Blujus (BIN) for Holding Stick (Minor) at 3:02, Brett Bulmer (BIN) for Slashing (Minor) at 5:11, Brett Bulmer (BIN) for Roughing (Minor) at 11:35
3rd period
6. Senators , Tomas Jurco 15 (Chandler Stephenson 22) at 17:40 (PP)
Penalties :
Matt Frattin (BIN) for Holding Stick (Minor) at 8:00, Victor Rask (Anc) for Interference (Minor) at 16:30, Anders Lee (Anc) for Tripping (Minor) at 18:18
Goalie Stats
Christopher Gibson (Anc), 34 saves from 36 shots - (0.944), W, 16-7-1, 60:00 minutes
Justin Peters (BIN), 30 saves from 34 shots - (0.882), L, 17-13-2, 60:00 minutes
Players Stats for Inferno
Player Name G A P +/- PIM S H SB GA TA FO MP PP MP PK MP
------------------------------------------------------------------------------------
Anders Lee 0 0 0 -1 2 4 4 0 0 0 13/34 23:50 3:57 1:48
Bryan Rust 0 0 0 -1 0 1 1 0 1 0 0/1 17:30 0:00 2:50
Christian Folin 0 0 0 0 0 3 1 6 0 0 0/0 24:04 3:24 2:17
Colby Robak 1 1 2 0 0 3 3 1 0 0 0/0 27:03 4:03 2:33
David Savard 1 1 2 0 2 3 2 0 1 1 0/0 24:05 4:03 1:32
Esa Lindell 0 0 0 0 0 1 0 1 0 1 0/0 20:31 3:24 0:59
Kevin Labanc 0 0 0 0 0 2 2 0 0 1 0/1 16:32 3:44 0:00
Mathieu Brodeur 0 0 0 0 0 0 0 1 0 0 0/0 13:27 0:00 2:19
Matt Kassian 0 1 1 0 0 4 4 0 1 0 1/1 16:52 3:19 0:59
Matthew Nieto 1 1 2 1 0 3 3 0 1 0 3/6 17:11 2:29 1:01
Oliver Bjorkstrand 0 2 2 1 0 0 1 1 0 0 1/1 12:26 3:24 0:00
Peter Cehlarik 0 0 0 0 0 0 1 1 0 0 0/0 10:37 0:01 0:00
Petteri Lindbohm 0 0 0 0 0 0 2 0 0 1 0/0 11:08 0:00 0:00
Philip Varone 0 0 0 0 0 3 0 0 0 0 4/4 5:12 0:54 0:54
Ryan Spooner 0 0 0 0 0 3 0 0 0 0 2/3 11:44 0:00 0:48
Tanner Pearson 0 1 1 -1 0 2 3 2 2 0 1/3 19:24 3:53 0:00
Tyler Shattock 0 0 0 0 0 0 2 1 0 0 0/0 11:03 0:09 0:00
Victor Rask 1 0 1 1 2 2 1 0 0 0 4/5 12:28 0:31 1:20
Players Stats for Senators
Player Name G A P +/- PIM S H SB GA TA FO MP PP MP PK MP
------------------------------------------------------------------------------------
Adam Ollas-Mattsson 0 0 0 -1 0 1 1 1 0 0 0/0 11:44 0:00 0:42
Andy Andreoff 0 0 0 0 0 4 0 0 0 1 0/0 13:09 0:00 2:21
Blake Coleman 0 0 0 0 0 0 0 0 0 0 1/1 8:01 0:00 0:00
Brett Bulmer 0 0 0 0 4 1 1 0 0 0 0/0 8:33 0:00 0:00
Chandler Stephenson 0 1 1 -1 0 0 3 0 0 0 7/12 14:56 2:14 0:00
Dylan Blujus 0 0 0 1 2 2 0 2 0 2 0/0 26:37 3:19 3:44
Grant Besse 0 0 0 0 0 2 0 0 0 0 0/0 11:14 0:08 0:00
Jack Dougherty 0 0 0 0 0 6 1 1 0 0 0/0 22:20 1:31 3:43
Jake Evans 0 0 0 0 0 1 0 0 0 0 1/4 10:48 0:00 0:00
Jan Mursak 0 0 0 -1 0 4 2 1 2 1 0/0 20:23 2:14 4:45
Keegan Lowe 0 0 0 1 0 0 4 2 0 0 0/0 26:20 3:19 3:28
Mason Geertsen 0 0 0 -1 0 0 0 0 0 0 0/0 11:20 0:00 0:16
Matt Frattin 0 1 1 1 2 3 1 1 0 0 2/3 18:59 2:28 1:14
Maxim Letunov 0 0 0 0 0 0 0 0 0 0 0/0 0:26 0:08 0:00
Nick Foligno 0 1 1 1 0 3 0 0 0 0 5/8 22:37 2:28 4:17
Patrick Maroon 0 0 0 0 0 1 3 0 1 1 1/1 9:33 0:00 1:30
Scott Harrington 0 0 0 0 2 1 3 5 1 0 0/0 21:39 1:31 3:01
Tomas Jurco 1 0 1 -1 0 4 3 0 0 1 0/0 14:56 2:14 0:00
Warren Foegele 0 0 0 0 0 0 0 0 0 0 0/0 0:44 0:08 0:16
Zemgus Girgensons 1 0 1 1 2 3 1 0 0 0 13/30 18:08 2:28 0:31
3 Stars
1 - Matthew Nieto (Anc)
2 - Colby Robak (Anc)
3 - Christopher Gibson (Anc)
Power Play
Inferno - 3 on 6 Attempt(s) - 50.00%
Senators - 1 on 3 Attempt(s) - 33.33%
Penalty Kill
Inferno - 2 on 3 Attempt(s) - 66.67%
- Score 0 goal in Penalty Kill
Senators - 3 on 6 Attempt(s) - 50.00%
- Score 0 goal in Penalty Kill
Team Stat
Inferno - Hits : 30 - Faceoff Wins : 29 - Blocked Shots : 14 - Penalty Minutes : 6
Senators - Hits : 23 - Faceoff Wins : 30 - Blocked Shots : 13 - Penalty Minutes : 12
Official
Referees : Unknown
Linesman : Unknown
Game Notes
Philip Varone is injured at 19:00 of 1st period (Left Knee)
Finance
Level 1 -- Attendance: 2000 (100.00%) -- Ticket Income $66,000
Level 2 -- Attendance: 947 (94.70%) -- Ticket Income $14,205
Total Attendance: 2947 (98.23%)
Total Ticket Income: $80,205
Other Income: $4,010
Total Income: $84,215
Inferno
5 vs 5 Forward
Center Left Wing Right Wing Time % Phy DF OF
1 Anders Lee Tanner Pearson Bryan Rust 40 1 2 2
2 Philip Varone Matt Kassian Kevin Labanc 30 1 2 2
3 Victor Rask Matthew Nieto Oliver Bjorkstrand 20 1 2 2
4 Ryan Spooner Peter Cehlarik Tyler Shattock 10 1 2 2
5 vs 5 Defense
Defense Defense Time % Phy DF OF
1 Colby Robak David Savard 40 1 2 2
2 Esa Lindell Christian Folin 30 1 2 2
3 Mathieu Brodeur Petteri Lindbohm 20 1 2 2
4 Colby Robak Christian Folin 10 1 2 2
PowerPlay Forward
Center Left Wing Right Wing Time % Phy DF OF
1 Anders Lee Tanner Pearson Kevin Labanc 60 1 2 2
2 Philip Varone Matt Kassian Oliver Bjorkstrand 40 1 2 2
PowerPlay Defense
Defense Defense Time % Phy DF OF
1 Colby Robak David Savard 60 1 2 2
2 Esa Lindell Christian Folin 40 1 2 2
Penalty Kill 4 Players Forward
Center Wing Time % Phy DF OF
1 Philip Varone Bryan Rust 60 1 2 2
2 Anders Lee Matt Kassian 40 1 2 2
Penalty Kill 4 Players Defense
Defense Defense Time % Phy DF OF
1 Colby Robak David Savard 60 1 2 2
2 Mathieu Brodeur Christian Folin 40 1 2 2
Penalty Kill - 3 Players Forward
Forward Time % Phy DF OF
1 Bryan Rust 60 1 2 2
2 Philip Varone 40 1 2 2
Penalty Kill - 3 Players Defense
Defense Defense Time % Phy DF OF
1 Colby Robak David Savard 60 1 2 2
2 Mathieu Brodeur Christian Folin 40 1 2 2
4 vs 4 Forward
Center Wing Time % Phy DF OF
1 Anders Lee Tanner Pearson 60 1 2 2
2 Philip Varone Bryan Rust 40 1 2 2
4 vs 4 Defense
Defense Defense Time % Phy DF OF
1 Colby Robak David Savard 60 1 2 2
2 Esa Lindell Christian Folin 40 1 2 2
Last Minutes Offensive
Center Left Wing Right Wing Defense Defense
Anders Lee Tanner Pearson Bryan Rust Colby Robak David Savard
Last Minutes Defensive
Center Left Wing Right Wing Defense Defense
Anders Lee Tanner Pearson Bryan Rust Colby Robak David Savard
Goaltenders
Starting : Christopher Gibson
Backup : Michael Hutchinson
Extra Forwards
Normal : Anders Lee, Matthew Nieto, Kevin Labanc - PP : Oliver Bjorkstrand, Matthew Nieto - PK : Bryan Rust
Extra Defensemen
Normal : Esa Lindell, Mathieu Brodeur, Christian Folin - PP : Esa Lindell - PK : Mathieu Brodeur, Christian Folin
Penalty Shots
Anders Lee, Tanner Pearson, Matthew Nieto, Oliver Bjorkstrand, Victor Rask
Scratches
Chris Brown (Healthy), Frank Corrado (Bruised Right Foot Injury), Trevor Carrick (Healthy), Eric Karlsson (Healthy), John Gilmour (Healthy)
Vladimir Sobotka (Sprained Right Knee Injury), Vladimir Zharkov (Healthy), Ryan Donato (Healthy), Vladislav Kamenev (Healthy), Dominik Masin (Healthy)
Brandon Hickey (Healthy), Greg Pateryn (Healthy), Nathan Lieuwen (Healthy), Vitek Vanecek (Healthy)
Senators
5 vs 5 Forward
Center Left Wing Right Wing Time % Phy DF OF
1 Zemgus Girgensons Nick Foligno Matt Frattin 40 1 2 2
2 Chandler Stephenson Jan Mursak Tomas Jurco 30 1 2 2
3 Jake Evans Andy Andreoff Grant Besse 20 1 2 2
4 Blake Coleman Patrick Maroon Brett Bulmer 10 1 2 2
5 vs 5 Defense
Defense Defense Time % Phy DF OF
1 Keegan Lowe Dylan Blujus 40 1 2 2
2 Scott Harrington Jack Dougherty 30 1 2 2
3 Mason Geertsen Adam Ollas-Mattsson 20 1 2 2
4 Keegan Lowe Dylan Blujus 10 1 2 2
PowerPlay Forward
Center Left Wing Right Wing Time % Phy DF OF
1 Zemgus Girgensons Nick Foligno Matt Frattin 60 1 2 2
2 Chandler Stephenson Jan Mursak Tomas Jurco 40 1 2 2
PowerPlay Defense
Defense Defense Time % Phy DF OF
1 Keegan Lowe Dylan Blujus 60 1 2 2
2 Scott Harrington Jack Dougherty 40 1 2 2
Penalty Kill 4 Players Forward
Center Wing Time % Phy DF OF
1 Nick Foligno Jan Mursak 60 1 2 2
2 Matt Frattin Andy Andreoff 40 1 2 2
Penalty Kill 4 Players Defense
Defense Defense Time % Phy DF OF
1 Keegan Lowe Dylan Blujus 60 1 2 2
2 Scott Harrington Jack Dougherty 40 1 2 2
Penalty Kill - 3 Players Forward
Forward Time % Phy DF OF
1 Nick Foligno 60 1 2 2
2 Jan Mursak 40 1 2 2
Penalty Kill - 3 Players Defense
Defense Defense Time % Phy DF OF
1 Keegan Lowe Dylan Blujus 60 1 2 2
2 Scott Harrington Jack Dougherty 40 1 2 2
4 vs 4 Forward
Center Wing Time % Phy DF OF
1 Nick Foligno Jan Mursak 60 1 2 2
2 Matt Frattin Andy Andreoff 40 1 2 2
4 vs 4 Defense
Defense Defense Time % Phy DF OF
1 Keegan Lowe Dylan Blujus 60 1 2 2
2 Scott Harrington Jack Dougherty 40 1 2 2
Last Minutes Offensive
Center Left Wing Right Wing Defense Defense
Zemgus Girgensons Nick Foligno Matt Frattin Keegan Lowe Dylan Blujus
Last Minutes Defensive
Center Left Wing Right Wing Defense Defense
Zemgus Girgensons Nick Foligno Matt Frattin Keegan Lowe Dylan Blujus
Goaltenders
Starting : Justin Peters
Backup : Stephon Williams
Extra Forwards
Normal : Warren Foegele, Maxim Letunov, Patrick Maroon - PP : Warren Foegele, Maxim Letunov - PK : Patrick Maroon
Extra Defensemen
Normal : Mason Geertsen, Adam Ollas-Mattsson, Scott Harrington - PP : Mason Geertsen - PK : Adam Ollas-Mattsson, Scott Harrington
Penalty Shots
Nick Foligno, Jan Mursak, Matt Frattin, Andy Andreoff, Tomas Jurco
Scratches
Michal Repik (Torn Right ACL Injury), Pontus Sjalin (Broken Right Foot Toe Injury), Keven Bouchard (Healthy)
% Time on Ice - Inferno
Lines # - Real PCT - Wanted PCT - Time Play
Normal Forward
1 - 32% - 40% - 15:22
2 - 27% - 30% - 12:46
3 - 19% - 20% - 9:02
4 - 22% - 10% - 10:33
Normal Defense
1 - 39% - 40% - 18:50
2 - 32% - 30% - 15:30
3 - 23% - 20% - 11:08
4 - 5% - 10% - 2:15
PP Forward
1 - 52% - 60% - 3:54
2 - 48% - 40% - 3:33
PP Defense
1 - 54% - 60% - 4:03
2 - 46% - 40% - 3:24
PK Forward
1 - 80% - 60% - 3:51
2 - 20% - 40% - 0:59
PK Defense
1 - 61% - 60% - 2:56
2 - 39% - 40% - 1:54
PK3 Forward
1 - 0% - 60%
2 - 0% - 40%
PK3 Defense
1 - 0% - 60%
2 - 0% - 40%
44 Forward
1 - 0% - 60%
2 - 0% - 40%
44 Defense
1 - 0% - 60%
2 - 0% - 40%
Last Minute Offensive - 0:00
Last Minute Defensive - 0:00
Total
Forward - 60:00
Defense - 60:00
|
% Time on Ice - Senators
Lines # - Real PCT - Wanted PCT - Time Play
Normal Forward
1 - 34% - 40% - 16:12
2 - 27% - 30% - 12:42
3 - 23% - 20% - 10:48
4 - 17% - 10% - 8:01
Normal Defense
1 - 38% - 40% - 17:57
2 - 36% - 30% - 17:08
3 - 23% - 20% - 11:02
4 - 3% - 10% - 1:36
PP Forward
1 - 54% - 60% - 2:36
2 - 46% - 40% - 2:14
PP Defense
1 - 69% - 60% - 3:19
2 - 31% - 40% - 1:31
PK Forward
1 - 75% - 60% - 5:35
2 - 25% - 40% - 1:52
PK Defense
1 - 47% - 60% - 3:28
2 - 53% - 40% - 3:59
PK3 Forward
1 - 0% - 60%
2 - 0% - 40%
PK3 Defense
1 - 0% - 60%
2 - 0% - 40%
44 Forward
1 - 0% - 60%
2 - 0% - 40%
44 Defense
1 - 0% - 60%
2 - 0% - 40%
Last Minute Offensive - 0:00
Last Minute Defensive - 0:00
Total
Forward - 60:00
Defense - 60:00
|
Play-by-Play
1st period
0:01 of 1st period - Anders Lee wins face-off versus Zemgus Girgensons in neutral zone.
0:11 of 1st period - Minor Penalty to David Savard for Interference.
0:12 of 1st period - Philip Varone wins face-off versus Zemgus Girgensons in Inferno zone.
2:06 of 1st period - Victor Rask is hit by Keegan Lowe and loses puck.
2:11 of 1st period - Penalty to David Savard is over, David Savard is back on ice.
3:45 of 1st period - Andy Andreoff is hit by Victor Rask and loses puck.
4:34 of 1st period - Slapshot by Matt Frattin.
4:34 of 1st period - Shot Misses the Net.
4:36 of 1st period - Slapshot by Zemgus Girgensons.
4:36 of 1st period - Goal by Zemgus Girgensons - Inferno : 0 - Senators : 1.
4:37 of 1st period - Chandler Stephenson wins face-off versus Tanner Pearson in neutral zone.
5:02 of 1st period - Zemgus Girgensons is hit by Matt Kassian.
5:07 of 1st period - Snap shot by Matt Frattin.
5:07 of 1st period - Stopped by Christopher Gibson without a rebound.
5:08 of 1st period - Philip Varone wins face-off versus Zemgus Girgensons in Inferno zone.
5:25 of 1st period - Slapshot by Matt Kassian.
5:25 of 1st period - Stopped by Justin Peters with a rebound.
5:27 of 1st period - Wrist shot by Matt Kassian.
5:27 of 1st period - Deflect By Philip Varone.
5:27 of 1st period - Stopped by Justin Peters without a rebound.
5:28 of 1st period - Chandler Stephenson wins face-off versus Anders Lee in Senators zone.
5:33 of 1st period - Anders Lee is hit by Tomas Jurco and loses puck.
7:05 of 1st period - Slapshot by Tanner Pearson.
7:05 of 1st period - Stopped by Justin Peters without a rebound.
7:06 of 1st period - Philip Varone wins face-off versus Zemgus Girgensons in Senators zone.
7:17 of 1st period - Snap shot by Philip Varone.
7:17 of 1st period - Shot Misses the Net.
7:19 of 1st period - Snap shot by Philip Varone.
7:19 of 1st period - Stopped by Justin Peters without a rebound.
7:20 of 1st period - Anders Lee wins face-off versus Chandler Stephenson in Senators zone.
7:31 of 1st period - Snap shot by Tomas Jurco.
7:31 of 1st period - Stopped by Christopher Gibson without a rebound.
7:32 of 1st period - Anders Lee wins face-off versus Zemgus Girgensons in Inferno zone.
7:32 of 1st period - Anders Lee is hit by Matt Frattin.
7:40 of 1st period - Snap shot by Nick Foligno.
7:40 of 1st period - Shot Misses the Net.
7:48 of 1st period - Keegan Lowe is hit by Anders Lee and loses puck.
7:59 of 1st period - Keegan Lowe is hit by Matthew Nieto and loses puck.
8:26 of 1st period - Wrist shot by Matt Kassian.
8:26 of 1st period - Stopped by Justin Peters with a rebound.
8:28 of 1st period - Slapshot by David Savard.
8:28 of 1st period - Deflect By Matt Frattin.
8:28 of 1st period - Stopped by Justin Peters with a rebound.
8:30 of 1st period - Snap shot by Philip Varone.
8:30 of 1st period - Stopped by Justin Peters with a rebound.
8:32 of 1st period - Snap shot by Philip Varone.
8:32 of 1st period - Shot Blocked by Matt Frattin.
8:40 of 1st period - Minor Penalty to Zemgus Girgensons for Holding.
8:41 of 1st period - Patrick Maroon wins face-off versus Anders Lee in Senators zone.
8:50 of 1st period - Slapshot by David Savard.
8:50 of 1st period - Shot Misses the Net.
8:52 of 1st period - Snap shot by Tanner Pearson.
8:52 of 1st period - Shot Blocked by Jack Dougherty.
8:54 of 1st period - Slapshot by Colby Robak.
8:54 of 1st period - Deflect By Jan Mursak.
8:54 of 1st period - Goal by Colby Robak - Inferno : 1 - Senators : 1.
8:55 of 1st period - Anders Lee wins face-off versus Chandler Stephenson in neutral zone.
9:37 of 1st period - Snap shot by Victor Rask.
9:37 of 1st period - Shot Misses the Net.
9:39 of 1st period - Wrist shot by Matthew Nieto.
9:39 of 1st period - Stopped by Justin Peters with a rebound.
9:41 of 1st period - Slapshot by Matthew Nieto.
9:41 of 1st period - Shot Blocked by Scott Harrington.
9:43 of 1st period - Slapshot by Esa Lindell.
9:43 of 1st period - Shot Blocked by Scott Harrington.
9:45 of 1st period - Wrist shot by Victor Rask.
9:45 of 1st period - Stopped by Justin Peters with a rebound.
9:47 of 1st period - Slapshot by Petteri Lindbohm.
9:47 of 1st period - Shot Misses the Net.
9:53 of 1st period - Minor Penalty to Scott Harrington for Close Hand On Puck.
9:54 of 1st period - Nick Foligno wins face-off versus Tanner Pearson in Senators zone.
11:53 of 1st period - Penalty to Scott Harrington is over, Scott Harrington is back on ice.
12:19 of 1st period - Icing by Jack Dougherty.
12:20 of 1st period - Victor Rask wins face-off versus Jake Evans in Senators zone.
12:23 of 1st period - Snap shot by Victor Rask.
12:23 of 1st period - Shot Misses the Net.
12:43 of 1st period - Adam Ollas-Mattsson is hit by Petteri Lindbohm and loses puck.
12:48 of 1st period - Snap shot by Ryan Spooner.
12:48 of 1st period - Shot Misses the Net.
13:24 of 1st period - Wrist shot by Bryan Rust.
13:24 of 1st period - Shot Misses the Net.
13:26 of 1st period - Slapshot by Esa Lindell.
13:26 of 1st period - Shot Misses the Net.
14:03 of 1st period - Dylan Blujus is hit by Tyler Shattock and loses puck.
14:14 of 1st period - Keegan Lowe is hit by Matt Kassian and loses puck.
14:41 of 1st period - Wrist shot by Jake Evans.
14:41 of 1st period - Shot Blocked by Esa Lindell.
14:43 of 1st period - Slapshot by Jack Dougherty.
14:43 of 1st period - Stopped by Christopher Gibson with a rebound.
15:05 of 1st period - Slapshot by Matt Frattin.
15:05 of 1st period - Shot Misses the Net.
15:07 of 1st period - Slapshot by Jack Dougherty.
15:07 of 1st period - Stopped by Christopher Gibson with a rebound.
15:25 of 1st period - Slapshot by Matt Kassian.
15:25 of 1st period - Shot Misses the Net.
15:35 of 1st period - Christian Folin is hit by Adam Ollas-Mattsson and loses puck.
15:58 of 1st period - Snap shot by Anders Lee.
15:58 of 1st period - Shot Misses the Net.
17:00 of 1st period - Slapshot by Tanner Pearson.
17:00 of 1st period - Deflect By Anders Lee.
17:00 of 1st period - Shot Blocked by Adam Ollas-Mattsson.
17:00 of 1st period - Puck is out of play.
17:01 of 1st period - Zemgus Girgensons wins face-off versus Anders Lee in Senators zone.
18:12 of 1st period - Colby Robak is hit by Brett Bulmer and loses puck.
18:23 of 1st period - Adam Ollas-Mattsson is hit by David Savard and loses puck.
18:34 of 1st period - Snap shot by Matt Frattin.
18:34 of 1st period - Stopped by Christopher Gibson with a rebound.
18:36 of 1st period - Wrist shot by Matt Frattin.
18:36 of 1st period - Shot Misses the Net.
18:38 of 1st period - Slapshot by Zemgus Girgensons.
18:38 of 1st period - Shot Blocked by Mathieu Brodeur.
18:40 of 1st period - Snap shot by Zemgus Girgensons.
18:40 of 1st period - Shot Blocked by Tanner Pearson.
18:48 of 1st period - Zemgus Girgensons is hit by Bryan Rust and loses puck.
18:58 of 1st period - Icing by Tanner Pearson.
18:59 of 1st period - Philip Varone wins face-off versus Chandler Stephenson in Inferno zone.
18:59 of 1st period - Philip Varone is hit by Jan Mursak.
19:00 of 1st period - Philip Varone from Inferno is injured at 19:00 of 1st period (Left Knee).
19:01 of 1st period - Chandler Stephenson wins face-off versus Anders Lee in Inferno zone.
Goals for this period are 1 for Inferno vs 1 for Senators.
Shots for this period are 10 for Inferno vs 6 for Senators.
2nd period
0:01 of 2nd period - Chandler Stephenson wins face-off versus Anders Lee in neutral zone.
0:38 of 2nd period - Scott Harrington is hit by Colby Robak and loses puck.
0:51 of 2nd period - Colby Robak is hit by Patrick Maroon and loses puck.
1:00 of 2nd period - Snap shot by Brett Bulmer.
1:00 of 2nd period - Stopped by Christopher Gibson with a rebound.
1:02 of 2nd period - Wrist shot by Patrick Maroon.
1:02 of 2nd period - Shot Misses the Net.
1:04 of 2nd period - Wrist shot by Adam Ollas-Mattsson.
1:04 of 2nd period - Stopped by Christopher Gibson with a rebound.
1:18 of 2nd period - Snap shot by Andy Andreoff.
1:18 of 2nd period - Shot Misses the Net.
1:20 of 2nd period - Slapshot by Andy Andreoff.
1:20 of 2nd period - Stopped by Christopher Gibson with a rebound.
1:22 of 2nd period - Wrist shot by Jake Evans.
1:22 of 2nd period - Deflect By Andy Andreoff.
1:22 of 2nd period - Stopped by Christopher Gibson without a rebound.
1:23 of 2nd period - Zemgus Girgensons wins face-off versus Anders Lee in Inferno zone.
1:28 of 2nd period - Wrist shot by Zemgus Girgensons.
1:28 of 2nd period - Stopped by Christopher Gibson without a rebound.
1:29 of 2nd period - Zemgus Girgensons wins face-off versus Anders Lee in Inferno zone.
1:30 of 2nd period - Wrist shot by Matt Frattin.
1:30 of 2nd period - Shot Misses the Net.
1:32 of 2nd period - Snap shot by Nick Foligno.
1:32 of 2nd period - Shot Misses the Net.
1:34 of 2nd period - Slapshot by Dylan Blujus.
1:34 of 2nd period - Stopped by Christopher Gibson without a rebound.
1:35 of 2nd period - Chandler Stephenson wins face-off versus Anders Lee in Inferno zone.
1:50 of 2nd period - Wrist shot by Jan Mursak.
1:50 of 2nd period - Stopped by Christopher Gibson without a rebound.
1:51 of 2nd period - Anders Lee wins face-off versus Zemgus Girgensons in Inferno zone.
2:18 of 2nd period - Dylan Blujus is hit by Oliver Bjorkstrand and loses puck.
3:02 of 2nd period - Minor Penalty to Dylan Blujus for Holding Stick.
3:03 of 2nd period - Nick Foligno wins face-off versus Anders Lee in Senators zone.
3:14 of 2nd period - Snap shot by Colby Robak.
3:14 of 2nd period - Deflect By Kevin Labanc.
3:14 of 2nd period - Stopped by Justin Peters without a rebound.
3:15 of 2nd period - Anders Lee wins face-off versus Nick Foligno in Senators zone.
3:28 of 2nd period - Snap shot by Anders Lee.
3:28 of 2nd period - Shot Blocked by Jan Mursak.
3:30 of 2nd period - Snap shot by Colby Robak.
3:30 of 2nd period - Stopped by Justin Peters with a rebound.
3:46 of 2nd period - Slapshot by David Savard.
3:46 of 2nd period - Deflect By Jack Dougherty.
3:46 of 2nd period - Goal by David Savard - Inferno : 2 - Senators : 1.
3:47 of 2nd period - Anders Lee wins face-off versus Zemgus Girgensons in neutral zone.
4:12 of 2nd period - Matthew Nieto is hit by Chandler Stephenson and loses puck.
4:37 of 2nd period - Wrist shot by Jake Evans.
4:37 of 2nd period - Shot Misses the Net.
5:01 of 2nd period - Wrist shot by Anders Lee.
5:01 of 2nd period - Shot Blocked by Scott Harrington.
5:11 of 2nd period - Minor Penalty to Brett Bulmer for Slashing.
5:12 of 2nd period - Nick Foligno wins face-off versus Kevin Labanc in Senators zone.
5:39 of 2nd period - Snap shot by Oliver Bjorkstrand.
5:39 of 2nd period - Shot Blocked by Scott Harrington.
5:41 of 2nd period - Snap shot by Oliver Bjorkstrand.
5:41 of 2nd period - Shot Misses the Net.
5:43 of 2nd period - Slapshot by Colby Robak.
5:43 of 2nd period - Deflect By Matthew Nieto.
5:43 of 2nd period - Goal by Matthew Nieto - Inferno : 3 - Senators : 1.
5:44 of 2nd period - Tanner Pearson wins face-off versus Zemgus Girgensons in neutral zone.
6:11 of 2nd period - Kevin Labanc is hit by Tomas Jurco and loses puck.
6:22 of 2nd period - Wrist shot by Chandler Stephenson.
6:22 of 2nd period - Shot Misses the Net.
6:24 of 2nd period - Slapshot by Jack Dougherty.
6:24 of 2nd period - Stopped by Christopher Gibson with a rebound.
6:34 of 2nd period - Snap shot by Ryan Spooner.
6:34 of 2nd period - Stopped by Justin Peters without a rebound.
6:35 of 2nd period - Jake Evans wins face-off versus Ryan Spooner in Senators zone.
7:04 of 2nd period - Icing by Anders Lee.
7:05 of 2nd period - Nick Foligno wins face-off versus Anders Lee in Inferno zone.
7:16 of 2nd period - Wrist shot by Matt Frattin.
7:16 of 2nd period - Shot Misses the Net.
7:36 of 2nd period - Slapshot by Anders Lee.
7:36 of 2nd period - Stopped by Justin Peters without a rebound.
7:37 of 2nd period - Matthew Nieto wins face-off versus Zemgus Girgensons in Senators zone.
8:11 of 2nd period - Slapshot by Dylan Blujus.
8:11 of 2nd period - Shot Hit the Post.
8:27 of 2nd period - Petteri Lindbohm is hit by Jack Dougherty and loses puck.
8:54 of 2nd period - Snap shot by Andy Andreoff.
8:54 of 2nd period - Shot Misses the Net.
9:05 of 2nd period - Victor Rask is hit by Scott Harrington and loses puck.
9:11 of 2nd period - Icing by Colby Robak.
9:12 of 2nd period - Zemgus Girgensons wins face-off versus Victor Rask in Inferno zone.
9:17 of 2nd period - Wrist shot by Matt Frattin.
9:17 of 2nd period - Stopped by Christopher Gibson without a rebound.
9:18 of 2nd period - Zemgus Girgensons wins face-off versus Anders Lee in Inferno zone.
9:49 of 2nd period - Wrist shot by Tomas Jurco.
9:49 of 2nd period - Stopped by Christopher Gibson with a rebound.
9:51 of 2nd period - Slapshot by Tomas Jurco.
9:51 of 2nd period - Shot Blocked by Christian Folin.
9:53 of 2nd period - Slapshot by Jan Mursak.
9:53 of 2nd period - Stopped by Christopher Gibson with a rebound.
9:55 of 2nd period - Wrist shot by Dylan Blujus.
9:55 of 2nd period - Shot Blocked by Christian Folin.
10:09 of 2nd period - Snap shot by Patrick Maroon.
10:09 of 2nd period - Shot Misses the Net.
10:11 of 2nd period - Slapshot by Jack Dougherty.
10:11 of 2nd period - Shot Misses the Net.
10:13 of 2nd period - Slapshot by Jack Dougherty.
10:13 of 2nd period - Shot Blocked by Peter Cehlarik.
10:31 of 2nd period - Wrist shot by Matt Frattin.
10:31 of 2nd period - Shot Blocked by Christian Folin.
10:33 of 2nd period - Snap shot by Matt Frattin.
10:33 of 2nd period - Shot Misses the Net.
10:35 of 2nd period - Snap shot by Nick Foligno.
10:35 of 2nd period - Stopped by Christopher Gibson with a rebound.
10:37 of 2nd period - Slapshot by Zemgus Girgensons.
10:37 of 2nd period - Shot Misses the Net.
10:51 of 2nd period - Jake Evans is hit by Matthew Nieto and loses puck.
11:08 of 2nd period - Wrist shot by Matt Kassian.
11:08 of 2nd period - Stopped by Justin Peters with a rebound.
11:35 of 2nd period - Minor Penalty to Brett Bulmer for Roughing.
11:36 of 2nd period - Anders Lee wins face-off versus Nick Foligno in Senators zone.
11:37 of 2nd period - Snap shot by Kevin Labanc.
11:37 of 2nd period - Shot Misses the Net.
11:51 of 2nd period - Nick Foligno is hit by Tanner Pearson and loses puck.
12:07 of 2nd period - Wrist shot by Anders Lee.
12:07 of 2nd period - Deflect By Kevin Labanc.
12:07 of 2nd period - Shot Blocked by Dylan Blujus.
12:07 of 2nd period - Puck is out of play.
12:08 of 2nd period - Matt Kassian wins face-off versus Matt Frattin in Senators zone.
12:11 of 2nd period - Wrist shot by Matthew Nieto.
12:11 of 2nd period - Deflect By Matt Kassian.
12:11 of 2nd period - Shot Misses the Net.
12:11 of 2nd period - Puck is out of play.
12:12 of 2nd period - Matt Frattin wins face-off versus Matthew Nieto in Senators zone.
13:08 of 2nd period - Slapshot by Esa Lindell.
13:08 of 2nd period - Deflect By Jan Mursak.
13:08 of 2nd period - Stopped by Justin Peters with a rebound.
13:12 of 2nd period - Snap shot by Christian Folin.
13:12 of 2nd period - Stopped by Justin Peters with a rebound.
13:14 of 2nd period - Wrist shot by Matt Kassian.
13:14 of 2nd period - Stopped by Justin Peters with a rebound.
13:16 of 2nd period - Slapshot by Christian Folin.
13:16 of 2nd period - Stopped by Justin Peters with a rebound.
13:18 of 2nd period - Wrist shot by Christian Folin.
13:18 of 2nd period - Deflect By Oliver Bjorkstrand.
13:18 of 2nd period - Shot Blocked by Dylan Blujus.
13:18 of 2nd period - Puck is out of play.
13:19 of 2nd period - Matt Frattin wins face-off versus Anders Lee in Senators zone.
13:19 of 2nd period - Matt Frattin is hit by Tanner Pearson.
13:29 of 2nd period - Wrist shot by Andy Andreoff.
13:29 of 2nd period - Stopped by Christopher Gibson without a rebound.
13:30 of 2nd period - Anders Lee wins face-off versus Nick Foligno in Inferno zone.
13:35 of 2nd period - Penalty to Brett Bulmer is over, Brett Bulmer is back on ice.
13:39 of 2nd period - Brett Bulmer is hit by Kevin Labanc.
14:02 of 2nd period - Slapshot by Jan Mursak.
14:02 of 2nd period - Shot Hit the Post.
14:04 of 2nd period - Wrist shot by Nick Foligno.
14:04 of 2nd period - Stopped by Christopher Gibson with a rebound.
14:06 of 2nd period - Snap shot by Jan Mursak.
14:06 of 2nd period - Stopped by Christopher Gibson with a rebound.
14:08 of 2nd period - Slapshot by Dylan Blujus.
14:08 of 2nd period - Stopped by Christopher Gibson without a rebound.
14:09 of 2nd period - Ryan Spooner wins face-off versus Jake Evans in Inferno zone.
14:33 of 2nd period - Jake Evans is hit by Peter Cehlarik.
14:47 of 2nd period - Slapshot by Christian Folin.
14:47 of 2nd period - Stopped by Justin Peters without a rebound.
14:48 of 2nd period - Anders Lee wins face-off versus Chandler Stephenson in Senators zone.
15:13 of 2nd period - Dylan Blujus is hit by Matt Kassian and loses puck.
15:20 of 2nd period - Zemgus Girgensons is hit by Matthew Nieto.
15:38 of 2nd period - David Savard is hit by Patrick Maroon.
15:42 of 2nd period - Wrist shot by Patrick Maroon.
15:42 of 2nd period - Stopped by Christopher Gibson with a rebound.
15:44 of 2nd period - Slapshot by Brett Bulmer.
15:44 of 2nd period - Shot Misses the Net.
16:04 of 2nd period - Wrist shot by David Savard.
16:04 of 2nd period - Stopped by Justin Peters with a rebound.
16:06 of 2nd period - Wrist shot by Ryan Spooner.
16:06 of 2nd period - Stopped by Justin Peters with a rebound.
16:32 of 2nd period - Snap shot by Jan Mursak.
16:32 of 2nd period - Shot Misses the Net.
16:54 of 2nd period - Wrist shot by Andy Andreoff.
16:54 of 2nd period - Shot Misses the Net.
17:00 of 2nd period - Snap shot by Jake Evans.
17:00 of 2nd period - Stopped by Christopher Gibson without a rebound.
17:01 of 2nd period - Ryan Spooner wins face-off versus Zemgus Girgensons in Inferno zone.
17:14 of 2nd period - Wrist shot by Ryan Spooner.
17:14 of 2nd period - Shot Misses the Net.
17:16 of 2nd period - Wrist shot by Ryan Spooner.
17:16 of 2nd period - Stopped by Justin Peters without a rebound.
17:17 of 2nd period - Chandler Stephenson wins face-off versus Anders Lee in Senators zone.
17:44 of 2nd period - Zemgus Girgensons is hit by Matt Kassian and loses puck.
17:55 of 2nd period - Backhand shot by Matt Kassian.
17:55 of 2nd period - Deflect By Matthew Nieto.
17:55 of 2nd period - Shot Blocked by Keegan Lowe.
17:55 of 2nd period - Puck is out of play.
17:56 of 2nd period - Oliver Bjorkstrand wins face-off versus Chandler Stephenson in Senators zone.
17:57 of 2nd period - Wrist shot by Victor Rask.
17:57 of 2nd period - Goal by Victor Rask - Inferno : 4 - Senators : 1.
17:58 of 2nd period - Anders Lee wins face-off versus Zemgus Girgensons in neutral zone.
18:13 of 2nd period - Snap shot by Matt Frattin.
18:13 of 2nd period - Shot Blocked by Colby Robak.
18:49 of 2nd period - Slapshot by Tanner Pearson.
18:49 of 2nd period - Shot Blocked by Scott Harrington.
18:53 of 2nd period - Wrist shot by Tanner Pearson.
18:53 of 2nd period - Stopped by Justin Peters with a rebound.
18:55 of 2nd period - Slapshot by Colby Robak.
18:55 of 2nd period - Deflect By Scott Harrington.
18:55 of 2nd period - Stopped by Justin Peters without a rebound.
18:56 of 2nd period - Matthew Nieto wins face-off versus Zemgus Girgensons in Senators zone.
18:57 of 2nd period - Wrist shot by Kevin Labanc.
18:57 of 2nd period - Deflect By Matthew Nieto.
18:57 of 2nd period - Stopped by Justin Peters without a rebound.
18:58 of 2nd period - Zemgus Girgensons wins face-off versus Matthew Nieto in Senators zone.
19:05 of 2nd period - Wrist shot by Nick Foligno.
19:05 of 2nd period - Stopped by Christopher Gibson with a rebound.
19:11 of 2nd period - Snap shot by Nick Foligno.
19:11 of 2nd period - Shot Misses the Net.
19:23 of 2nd period - Tyler Shattock is hit by Chandler Stephenson and loses puck.
19:34 of 2nd period - Snap shot by Jan Mursak.
19:34 of 2nd period - Deflect By Tomas Jurco.
19:34 of 2nd period - Stopped by Christopher Gibson with a rebound.
19:51 of 2nd period - Snap shot by Victor Rask.
19:51 of 2nd period - Deflect By Matthew Nieto.
19:51 of 2nd period - Shot Misses the Net.
19:51 of 2nd period - Puck is out of play.
19:52 of 2nd period - Anders Lee wins face-off versus Zemgus Girgensons in Senators zone.
19:57 of 2nd period - Slapshot by Bryan Rust.
19:57 of 2nd period - Deflect By Anders Lee.
19:57 of 2nd period - Shot Misses the Net.
19:57 of 2nd period - Puck is out of play.
19:58 of 2nd period - Anders Lee wins face-off versus Zemgus Girgensons in Senators zone.
Goals for this period are 3 for Inferno vs 0 for Senators.
Shots for this period are 19 for Inferno vs 20 for Senators.
3rd period
0:01 of 3rd period - Zemgus Girgensons wins face-off versus Anders Lee in neutral zone.
0:01 of 3rd period - Matt Frattin is hit by Anders Lee and loses puck.
0:08 of 3rd period - Snap shot by Bryan Rust.
0:08 of 3rd period - Stopped by Justin Peters with a rebound.
0:10 of 3rd period - Snap shot by Anders Lee.
0:10 of 3rd period - Stopped by Justin Peters with a rebound.
0:26 of 3rd period - Matt Kassian is hit by Tomas Jurco.
0:34 of 3rd period - Icing by Jack Dougherty.
0:35 of 3rd period - Chandler Stephenson wins face-off versus Anders Lee in Senators zone.
0:44 of 3rd period - Christian Folin is hit by Scott Harrington and loses puck.
0:49 of 3rd period - Snap shot by Tomas Jurco.
0:49 of 3rd period - Shot Misses the Net.
0:59 of 3rd period - Snap shot by Tomas Jurco.
0:59 of 3rd period - Shot Misses the Net.
1:16 of 3rd period - Snap shot by Scott Harrington.
1:16 of 3rd period - Shot Blocked by Christian Folin.
1:18 of 3rd period - Snap shot by Chandler Stephenson.
1:18 of 3rd period - Shot Misses the Net.
1:20 of 3rd period - Wrist shot by Jan Mursak.
1:20 of 3rd period - Stopped by Christopher Gibson with a rebound.
1:22 of 3rd period - Slapshot by Jack Dougherty.
1:22 of 3rd period - Deflect By Tanner Pearson.
1:22 of 3rd period - Stopped by Christopher Gibson with a rebound.
1:24 of 3rd period - Snap shot by Jan Mursak.
1:24 of 3rd period - Shot Blocked by Tanner Pearson.
1:32 of 3rd period - Wrist shot by Esa Lindell.
1:32 of 3rd period - Shot Misses the Net.
1:44 of 3rd period - Wrist shot by Tomas Jurco.
1:44 of 3rd period - Deflect By Chandler Stephenson.
1:44 of 3rd period - Shot Misses the Net.
1:44 of 3rd period - Puck is out of play.
1:45 of 3rd period - Zemgus Girgensons wins face-off versus Matthew Nieto in Inferno zone.
2:35 of 3rd period - Snap shot by Grant Besse.
2:35 of 3rd period - Stopped by Christopher Gibson with a rebound.
2:53 of 3rd period - Blake Coleman is hit by David Savard and loses puck.
4:34 of 3rd period - Keegan Lowe is hit by Anders Lee and loses puck.
4:53 of 3rd period - Kevin Labanc is hit by Patrick Maroon and loses puck.
5:00 of 3rd period - Snap shot by Brett Bulmer.
5:00 of 3rd period - Shot Blocked by Christian Folin.
5:02 of 3rd period - Snap shot by Brett Bulmer.
5:02 of 3rd period - Shot Blocked by Christian Folin.
5:04 of 3rd period - Slapshot by Scott Harrington.
5:04 of 3rd period - Shot Misses the Net.
5:19 of 3rd period - Victor Rask is hit by Keegan Lowe and loses puck.
5:30 of 3rd period - David Savard is hit by Zemgus Girgensons.
6:39 of 3rd period - Wrist shot by Matt Frattin.
6:39 of 3rd period - Shot Blocked by Tyler Shattock.
6:51 of 3rd period - Christian Folin is hit by Scott Harrington and loses puck.
7:28 of 3rd period - Petteri Lindbohm is hit by Chandler Stephenson and loses puck.
7:43 of 3rd period - Blake Coleman is hit by Petteri Lindbohm and loses puck.
8:00 of 3rd period - Minor Penalty to Matt Frattin for Holding Stick.
8:01 of 3rd period - Nick Foligno wins face-off versus Anders Lee in Senators zone.
8:01 of 3rd period - Nick Foligno is hit by Colby Robak.
8:53 of 3rd period - Andy Andreoff is hit by Christian Folin and loses puck.
9:10 of 3rd period - Jack Dougherty is hit by Kevin Labanc and loses puck.
9:29 of 3rd period - Victor Rask is hit by Keegan Lowe.
9:48 of 3rd period - Icing by Tyler Shattock.
9:49 of 3rd period - Victor Rask wins face-off versus Zemgus Girgensons in Inferno zone.
9:54 of 3rd period - Jack Dougherty is hit by Anders Lee and loses puck.
10:00 of 3rd period - Penalty to Matt Frattin is over, Matt Frattin is back on ice.
10:31 of 3rd period - Slapshot by Andy Andreoff.
10:31 of 3rd period - Shot Blocked by Oliver Bjorkstrand.
10:33 of 3rd period - Slapshot by Jake Evans.
10:33 of 3rd period - Shot Misses the Net.
10:35 of 3rd period - Slapshot by Jack Dougherty.
10:35 of 3rd period - Stopped by Christopher Gibson with a rebound.
10:37 of 3rd period - Slapshot by Grant Besse.
10:37 of 3rd period - Stopped by Christopher Gibson with a rebound.
10:39 of 3rd period - Slapshot by Scott Harrington.
10:39 of 3rd period - Stopped by Christopher Gibson with a rebound.
10:41 of 3rd period - Slapshot by Jack Dougherty.
10:41 of 3rd period - Deflect By Victor Rask.
10:41 of 3rd period - Stopped by Christopher Gibson with a rebound.
10:48 of 3rd period - Icing by Petteri Lindbohm.
10:49 of 3rd period - Zemgus Girgensons wins face-off versus Anders Lee in Inferno zone.
11:10 of 3rd period - Peter Cehlarik is hit by Jan Mursak and loses puck.
11:50 of 3rd period - Wrist shot by Kevin Labanc.
11:50 of 3rd period - Stopped by Justin Peters without a rebound.
11:51 of 3rd period - Blake Coleman wins face-off versus Anders Lee in Senators zone.
11:59 of 3rd period - Icing by Christian Folin.
12:00 of 3rd period - Zemgus Girgensons wins face-off versus Anders Lee in Inferno zone.
12:06 of 3rd period - Esa Lindell is hit by Keegan Lowe and loses puck.
12:51 of 3rd period - Slapshot by Andy Andreoff.
12:51 of 3rd period - Stopped by Christopher Gibson with a rebound.
13:09 of 3rd period - Wrist shot by David Savard.
13:09 of 3rd period - Shot Misses the Net.
13:59 of 3rd period - Adam Ollas-Mattsson is hit by Tanner Pearson and loses puck.
14:18 of 3rd period - Wrist shot by Zemgus Girgensons.
14:18 of 3rd period - Shot Misses the Net.
15:07 of 3rd period - Dylan Blujus is hit by Tyler Shattock and loses puck.
15:29 of 3rd period - Slapshot by Esa Lindell.
15:29 of 3rd period - Shot Misses the Net.
16:30 of 3rd period - Minor Penalty to Victor Rask for Interference.
16:31 of 3rd period - Zemgus Girgensons wins face-off versus Anders Lee in Inferno zone.
16:33 of 3rd period - Backhand shot by Zemgus Girgensons.
16:33 of 3rd period - Stopped by Christopher Gibson with a rebound.
16:44 of 3rd period - Off-side.
16:45 of 3rd period - Zemgus Girgensons wins face-off versus Anders Lee in neutral zone.
17:18 of 3rd period - Wrist shot by Anders Lee.
17:18 of 3rd period - Stopped by Justin Peters with a rebound.
17:20 of 3rd period - Slapshot by Mathieu Brodeur.
17:20 of 3rd period - Shot Misses the Net.
17:22 of 3rd period - Snap shot by Bryan Rust.
17:22 of 3rd period - Shot Misses the Net.
17:24 of 3rd period - Snap shot by Mathieu Brodeur.
17:24 of 3rd period - Shot Misses the Net.
17:26 of 3rd period - Slapshot by Mathieu Brodeur.
17:26 of 3rd period - Deflect By Anders Lee.
17:26 of 3rd period - Stopped by Justin Peters with a rebound.
17:28 of 3rd period - Slapshot by Christian Folin.
17:28 of 3rd period - Shot Misses the Net.
17:30 of 3rd period - Backhand shot by Christian Folin.
17:30 of 3rd period - Shot Blocked by Keegan Lowe.
17:40 of 3rd period - Snap shot by Tomas Jurco.
17:40 of 3rd period - Goal by Tomas Jurco - Inferno : 4 - Senators : 2.
17:41 of 3rd period - Matthew Nieto wins face-off versus Jake Evans in neutral zone.
18:05 of 3rd period - Icing by Colby Robak.
18:06 of 3rd period - Victor Rask wins face-off versus Zemgus Girgensons in Inferno zone.
18:08 of 3rd period - Icing by Colby Robak.
18:09 of 3rd period - Zemgus Girgensons wins face-off versus Bryan Rust in Inferno zone.
18:09 of 3rd period - Zemgus Girgensons is hit by Colby Robak.
18:18 of 3rd period - Minor Penalty to Anders Lee for Tripping.
18:19 of 3rd period - Victor Rask wins face-off versus Zemgus Girgensons in Inferno zone.
Goals for this period are 0 for Inferno vs 1 for Senators.
Shots for this period are 5 for Inferno vs 10 for Senators.
Back to the Top